 Dungeon Crawl Stone Soup version 0.29.1-15-g9cfb28693d (webtiles) character file.

Game seed: 3812556912728691860

12589 H0rd4k the Thaumaturge (level 11, -12/78 HPs)
             Began as an Octopode Artificer on Mar 28, 2023.
             Was an Initiate of Gozag.
             Mangled by an orc knight
             ... wielding a +0 great sword
              (23 damage)
             ... on level 2 of the Orcish Mines.
             The game lasted 00:40:45 (22566 turns).

H0rd4k the Thaumaturge (Octopode Artificer)        Turns: 22566, Time: 00:40:46

Health: -12/78     AC:  5    Str: 17    XL:     11   Next: 95%
Magic:  0/26       EV: 13    Int: 17    God:    Gozag
Gold:   1988       SH:  0    Dex: 14    Spells: 21/32 levels left

rFire   + + .      SeeInvis .     - Unarmed
rCold   . . .      Faith    .   (no shield)
rNeg    . . .      Spirit   +   (helmet restricted)
rPois   .          Reflect  .   k - amulet of guardian spirit
rElec   .          Harm     .   j - +6 ring of strength
rCorr   .          Rampage  .   p - ring of protection from fire
Will    .....                   w - ring of protection from cold
Stlth   ++++......              t - ring of fire
HPRegen 0.23/turn               A - +4 ring of protection
MPRegen 0.20/turn               (no ring)
                                (no ring)
                                (no ring)

@: no status effects
A: almost no armour, amphibious, 8 rings, camouflage 1, gelatinous body 1,
(nimble swimmer 1), tentacles
a: Renounce Religion, Potion Petition, Call Merchant, Bribe Branch


You were on level 2 of the Orcish Mines.
You worshipped Gozag.
Gozag was most pleased with you.
You visited 4 branches of the dungeon, and saw 16 of its levels.
You also visited: Bailey.

You collected 2659 gold pieces.
You paid 671 gold pieces to Gozag.

Inventory:

Hand Weapons
 g - a +0 demon whip of venom
Missiles
 c - 7 throwing nets
 O - 29 poisoned darts
Magical Staves
 b - a staff of conjuration
 G - a staff of earth
Jewellery
 f - an amulet of magic regeneration
 j - a +6 ring of strength (left tentacle)
 k - an amulet of guardian spirit (around mantle)
 p - a ring of protection from fire (right tentacle)
 t - a ring of fire (on tentacle)
 w - a ring of protection from cold (on tentacle)
 x - a ring of ice
 A - a +4 ring of protection (on tentacle)
Wands
 l - a wand of digging (4)
 y - a wand of polymorph (11)
 P - a wand of roots (7)
 Q - a wand of acid (2)
Scrolls
 h - 3 scrolls of noise
 q - 2 scrolls of teleportation
 u - a scroll of vulnerability
 H - a scroll of magic mapping
 I - a scroll of silence
 K - 4 scrolls of amnesia
 L - 2 scrolls of butterflies
 N - a scroll of poison
Potions
 a - 2 potions of cancellation
 d - a potion of might {unknown}
 e - a potion of ambrosia {unknown}
 m - 4 potions of heal wounds {unknown}
 n - 2 potions of curing
 o - 3 potions of degeneration {unknown}
 r - a potion of brilliance {unknown}
 s - 3 potions of haste {unknown}
 v - a potion of resistance {unknown}
 z - 3 potions of magic {unknown}
 B - a potion of attraction {unknown}
 D - a potion of experience {unknown}
 E - a potion of lignification {unknown}
 F - 2 potions of flight {unknown}
 M - a potion of mutation {unknown}
Miscellaneous
 C - a piece from Xom's chessboard (14/15)
 J - a box of beasts


   Skills:
 - Level 8.7 Fighting
 - Level 0.2 Ranged Weapons
 - Level 2.3 Dodging
 + Level 5.3 Stealth
 - Level 5.1 Unarmed Combat
 * Level 11.0 Spellcasting
 * Level 2.9 Hexes
 * Level 7.9 Summonings
 + Level 0.3 Necromancy
 + Level 0.1 Translocations
 + Level 0.7 Transmutations
 + Level 0.1 Fire Magic
 + Level 3.6 Ice Magic
 + Level 0.1 Air Magic
 + Level 0.1 Earth Magic
 + Level 0.1 Poison Magic
 + Level 0.1 Invocations
 - Level 3.2 Evocations


You had 21 spell levels left.
You knew the following spells:

 Your Spells              Type           Power      Damage    Failure   Level
a - Summon Small Mammal   Summ           100%       N/A       1%          1
b - Summon Ice Beast      Ice/Summ       29%        N/A       7%          4
c - Slow                  Hex            76%        N/A       2%          1
d - Summon Mana Viper     Hex/Summ       28%        N/A       22%         5

Your spell library contained the following spells:

 Spells                   Type           Power      Damage    Failure   Level
 Frozen Ramparts          Ice            42%        1d7       5%          3
 Confusing Touch          Hex            19%        N/A       7%          3
 Magic Dart               Conj           36%        1d4       8%          1
 Sandblast                Erth           18%        2d7       8%          1
 Shock                    Conj/Air       36%        1d5       8%          1
 Searing Ray              Conj           18%        2d5       12%         2
 Dazzling Flash           Conj/Hex       28%        N/A       12%         3
 Vampiric Draining        Necr           10%        2d6       21%         3
 Ice Form                 Ice/Tmut       16%        N/A       30%         4
 Fulminant Prism          Conj/Hex       7%         3d7       38%         4
 Dispel Undead            Necr           10%        3d9       56%         4
 Iskenderun's Mystic Bla  Conj/Tloc      9%         2d4       58%         4
 Monstrous Menagerie      Summ           18%        N/A       94%         7
 Death Channel            Necr           5%         N/A       100%        6
 Starburst                Conj/Fire      7%         6d4       100%        6
 Corpse Rot               Necr/Pois/Air  Unusable   N/A       N/A         4

Dungeon Overview and Level Annotations

Branches:
Dungeon (11/15)            Temple (1/1) D:5            Lair (2/5) D:8
 Shoals (0/4) Lair:2          Orc (2/2) D:10            Elf (0/3) Orc:2
 Bailey (visited)
  Snake: Lair:2-3    Spider: Lair:2-3

Altars:
Ashenzari
Cheibriados
Dithmenos
Elyvilon
Fedhas
Gozag
Hepliaklqana
Kikubaaqudgha
Makhleb
Nemelex Xobeh
Okawaru
Qazlal
Ru
Sif Muna
Trog
Uskayaw
Vehumet
Wu Jian
Xom
Yredelemnul
Zin
The Shining One

Shops:
D:8 *   Orc:2 *=   Lair:1 (

Annotations:
D:5 exclusion: 2 downstairs
D:7 exclusion: upstairs
D:8 exclusion: 2 downstairs
D:9 1 runed translucent door, exclusions: door, downstairs and steam dragon, raetorn's ghost, novice NaSu
D:10 exclusions: downstairs, ice statue and vampire, Fannar
D:11 exclusion: skeletal warrior
Lair:1 exclusions: black mamba, 2 cane toads, downstairs and oklob plant
Lair:2 exclusions: 2 elephants, hydra and 1 more exclusion, Harold
Orc:1 exclusion: oklob plant


Innate Abilities, Weirdness & Mutations

You cannot wear most types of armour.
You are amphibious.
You can wear up to eight rings at the same time.
Your skin changes colour to match your surroundings (Stealth+).
Your rubbery body absorbs attacks. (AC +1, EV +1)
((You are camouflaged when in or above water. (Stealth+)))
You have tentacles for arms and can constrict up to eight enemies at once.


Message History

The orc knight roars a battlecry!
The troll bites your ice beast! The troll claws your ice beast!
The troll claws your ice beast but does no damage.
The orc no longer looks unusually strong.
The troll barely misses your ice beast.
The troll claws your ice beast but does no damage. x2
Your ice beast hits the troll but does no damage.
The troll bites your ice beast. The troll claws your ice beast.
Your ice beast dies!
Your ice beast disappears in a puff of smoke!
As you read the scroll of teleportation, it crumbles to dust.
You feel strangely unstable.
You feel better.
Your surroundings suddenly seem different.
An orc and an orc wizard come into view.
The orc wizard is wielding a +1 dagger of draining.
The orc knight hits you with a +0 great sword!!
* * * LOW HITPOINT WARNING * * *
The orc warrior shouts! x2; The orc priest shouts!
The orc warrior shouts!
The orc shouts!
The orc wizard shouts!
The orc shouts!
Okay, then.
Unknown command.
Unknown command.
Okay, then.
Unknown command.
Okay, then.
Casting: Summon Ice Beast (dangerous; 7% risk of failure)
Confirm with . or Enter, or press ? or * to list all spells.
Okay, then.
The orc knight attacks as you move away!
The orc knight barely misses you.
The orc warrior shouts!
The orc wizard casts a spell at you.
The magic dart hits you but does no damage.
You hear a shout!
Unknown command.
The orc knight attacks as you move away!
The orc knight hits you with a +0 great sword!!
You die...
Your body crumbles into a pile of gold.

.....$.#.......##
..#.....o.....##
......#...o..##
..............##
.....o#o.....$.#
.........o.....#
.......o......##
......#o##.....#
........@.#.#.##
....#.........##
$
.....#.........#
......#..o.....#
.....#........##
$
#.o...$.#......#
...............#
(#.............#
.............##


You could see an orc knight, 2 orc warriors, an orc priest, an orc wizard and 2
orcs.

Vanquished Creatures
  A two-headed ogre (D:10)
  A cyclops (Orc:1)
  An orange demon (D:9)
  Maggie (D:10)
  A komodo dragon (Lair:1)
  2 meliai (D:9)
  A hornet (D:7)
  3 blink frogs (Lair:1)
  Eustachio (D:5)
  A wyvern (D:9)
  4 yaks
  3 steam dragons
  Grum (D:9)
  An acid dragon (D:6)
  A water moccasin (D:5)
  Duvessa (D:6)
  2 sky beasts
  3 ice beasts
  4 orc warriors
  An ogre (Orc:1)
  5 wolves (Bailey)
  2 centaurs
  A phantom (D:4)
  2 kobold brigands
  5 bullfrogs
  A necrophage (D:5)
  9 gnoll sergeants
  A scorpion (D:5)
  2 killer bees (D:9)
  5 howler monkeys
  8 orc priests
  3 hounds
  7 gnoll boudas
  6 iguanas
  5 orc wizards
  39 gnolls
  7 adders
  2 shadow imps
  A white imp (D:7)
  2 ufetubi (D:6)
  2 worms (D:2)
  A dart slug (D:1)
  38 orcs
  6 ball pythons
  6 endoplasms
  2 giant cockroaches (D:2)
  6 goblins
  9 hobgoblins
  4 quokkas
  7 bats
  4 frilled lizards
  8 kobolds
  2 rats (D:1)
242 creatures vanquished.

Vanquished Creatures (collateral kills)
  A hydra (D:10)
  Amaemon (D:9)
  A cane toad (Lair:1)
  A komodo dragon (Lair:2)
  A meliai (D:8)
  A hornet (D:9)
  A troll (D:9)
  Prince Ribbit (Lair:1)
  A steam dragon (D:9)
  A warg (Orc:1)
  A nameless horror (D:9)
  A water moccasin (Lair:1)
  An orc warrior (Orc:1)
  A wolf (D:9)
  2 ogres (Orc:1)
  A gnoll sergeant (D:9)
  Dowan (D:6)
  A killer bee (D:9)
  An orc priest (D:9)
  2 iguanas (D:6)
  An orc wizard (D:10)
  7 gnolls
  A shadow imp (D:6)
  A dart slug (D:3)
  12 orcs
44 creatures vanquished.

Vanquished Creatures (others)
  A wolf (D:9)
  An orc priest (D:6)
  A gnoll bouda (D:6)
  A hound (Bailey)
  3 orc wizards
  A kobold (D:6)
  22 fungi
  16 plants
46 creatures vanquished.

Grand Total: 332 creatures vanquished

Notes
Turn   | Place    | Note
-------+----------+-------------------------------------------
     0 | D:1      | H0rd4k the Octopode Artificer began the quest for the Orb.
     0 | D:1      | Reached XP level 1. HP: 13/13 MP: 1/1
   419 | D:1      | Reached XP level 2. HP: 18/18 MP: 1/3
   477 | D:1      | Reached skill level 1 in Spellcasting
   926 | D:1      | Reached XP level 3. HP: 17/24 MP: 3/5
  1034 | D:1      | Found a faded altar of an unknown god.
  1214 | D:2      | Reached skill level 1 in Unarmed Combat
  1655 | D:2      | Got Zoryl's Introduction to Willworking
  1955 | D:2      | Reached XP level 4. HP: 25/29 MP: 6/6
  2151 | D:2      | Reached skill level 2 in Spellcasting
  2844 | D:3      | Reached XP level 5. HP: 21/35 MP: 4/8
  4072 | D:4      | Reached XP level 6. HP: 41/41 MP: 9/9
  4118 | D:4      | Found a sparkling altar of Nemelex Xobeh.
  4154 | D:4      | Found a shadowy altar of Dithmenos.
  4463 | D:5      | Entered Level 5 of the Dungeon
  4463 | D:5      | Found a staircase to the Ecumenical Temple.
  4471 | Temple   | Entered the Ecumenical Temple
  4612 | Temple   | Became a worshipper of Gozag Ym Sagoz the Greedy
  4633 | D:5      | Found a basalt altar of Yredelemnul.
  5009 | D:5      | Noticed a water moccasin
  5012 | D:5      | Killed a water moccasin
  5013 | D:5      | Reached skill level 5 in Unarmed Combat
  5013 | D:5      | Reached skill level 3 in Spellcasting
  5013 | D:5      | Reached XP level 7. HP: 46/46 MP: 11/11
  5225 | D:5      | Found a shimmering altar of Xom.
  5563 | D:5      | Noticed Eustachio
  5572 | D:5      | Killed Eustachio
  5573 | D:5      | Reached skill level 4 in Spellcasting
  5701 | D:5      | Reached XP level 8. HP: 38/54 MP: 10/15
  5948 | D:6      | Reached skill level 5 in Fighting
  5948 | D:6      | Reached skill level 5 in Spellcasting
  6241 | D:6      | Noticed a wyvern
  6716 | D:6      | Reached skill level 6 in Spellcasting
  6791 | D:6      | Found a radiant altar of Vehumet.
  7299 | D:7      | Found a burning altar of Makhleb.
  7299 | D:7      | Found a bloodstained altar of Trog.
  7306 | D:7      | Reached XP level 9. HP: 61/63 MP: 16/18
  7373 | D:7      | Noticed a hornet
  7376 | D:7      | Killed a hornet
  7388 | D:7      | Reached skill level 7 in Spellcasting
  7410 | D:7      | Found a flagged portal.
  7426 | Bailey   | Entered a bailey
  9358 | Bailey   | HP: 2/66 [wolf (4)]
  9954 | Bailey   | Reached skill level 8 in Spellcasting
 11227 | D:7      | Learned a level 1 spell: Summon Small Mammal
 11377 | D:7      | Reached XP level 10. HP: 54/73 MP: 15/22
 11874 | D:8      | Reached skill level 1 in Summonings
 11928 | D:8      | Found Rerhefe's Gadget Gallery.
 11998 | D:8      | Found an ancient bone altar of Kikubaaqudgha.
 12218 | D:8      | Found a glowing silver altar of Zin.
 12221 | D:8      | You fall into a shaft and drop 2 floors!
 12221 | D:10     | Entered Level 10 of the Dungeon
 12235 | D:10     | Found an ornate altar of the Wu Jian Council.
 12330 | D:10     | Noticed an ice statue
 12372 | D:10     | Noticed a two-headed ogre
 12405 | D:10     | Killed a two-headed ogre
 12639 | D:9      | Noticed Grum
 12995 | D:9      | Learned a level 4 spell: Summon Ice Beast
 13067 | D:9      | Found a runed translucent door.
 13067 | D:9      | Found a shimmering altar of Xom.
 13067 | D:9      | Noticed raetorn's ghost (novice NaSu)
 13067 | D:9      | Noticed a +0 quarterstaff of chaos
 13177 | D:8      | Found a staircase to the Lair.
 13219 | D:8      | Found a glowing golden altar of the Shining One.
 13728 | D:6      | Reached skill level 1 in Ice Magic
 13843 | D:6      | Found a broken altar of Ashenzari.
 13844 | D:6      | Noticed Duvessa
 14472 | D:10     | Noticed Fannar
 14630 | D:9      | Reached skill level 9 in Spellcasting
 14667 | D:9      | Killed Grum
 15159 | D:9      | Found a sacrificial altar of Ru.
 15218 | D:9      | Noticed Amaemon
 15477 | Lair:1   | Entered Level 1 of the Lair of Beasts
 15610 | Lair:1   | Noticed an oklob plant
 15636 | Lair:1   | Noticed a cane toad
 15732 | Lair:1   | Noticed Prince Ribbit
 15749 | Lair:1   | Killed Prince Ribbit
 15913 | Lair:1   | Noticed a black mamba
 15970 | Lair:1   | Reached skill level 5 in Stealth
 15970 | Lair:1   | Reached skill level 5 in Summonings
 16179 | Lair:1   | Noticed a cane toad
 16269 | Lair:1   | Noticed a cane toad
 16279 | Lair:1   | Killed a cane toad
 16280 | Lair:1   | Reached XP level 11. HP: 61/78 MP: 16/24
 16634 | Lair:1   | Noticed a boulder beetle
 16889 | Lair:2   | Noticed an eight-headed hydra
 17037 | Lair:2   | Found a staircase to the Shoals.
 17065 | Lair:2   | Noticed Harold
 17471 | D:8      | Learned a level 1 spell: Slow
 17477 | D:8      | Learned a level 5 spell: Summon Mana Viper
 17517 | D:8      | Reached skill level 10 in Spellcasting
 17741 | D:6      | Noticed Dowan
 17748 | D:6      | Killed Dowan
 17769 | D:6      | Killed Duvessa
 18024 | D:9      | Killed Amaemon
 18025 | D:9      | Reached skill level 1 in Hexes
 18940 | D:10     | Found a hide-covered altar of Uskayaw.
 19040 | D:10     | Noticed Maggie
 19050 | D:10     | Killed Maggie
 19153 | D:10     | Noticed a four-headed hydra
 19606 | D:8      | HP: 3/78 [meliai/+0 hand axe (7)]
 20974 | D:10     | Found a staircase to the Orcish Mines.
 21031 | D:10     | Killed a four-headed hydra
 21454 | D:11     | Noticed a skeletal warrior
 21459 | D:11     | Noticed a skeletal warrior
 21459 | D:11     | Noticed a skeletal warrior
 21461 | D:11     | Noticed a skeletal warrior
 21512 | Orc:1    | Entered Level 1 of the Orcish Mines
 21898 | Orc:1    | Noticed a cyclops
 21909 | Orc:1    | Killed a cyclops
 21910 | Orc:1    | Reached skill level 11 in Spellcasting
 22448 | Orc:1    | Noticed an oklob plant
 22483 | Orc:2    | Entered Level 2 of the Orcish Mines
 22518 | Orc:2    | Noticed an orc knight
 22519 | Orc:2    | Found Qaloar's General Store.
 22519 | Orc:2    | Noticed an orc knight
 22520 | Orc:2    | Found Gewnuum's Jewellery Boutique.
 22530 | Orc:2    | Found a staircase to the Elven Halls.
 22541 | Orc:2    | Noticed an orc knight
 22552 | Orc:2    | Noticed a boulder beetle
 22566 | Orc:2    | Mangled by an orc knight

Illustrated notes

Levels and vault maps discovered:
D:1:      dpeg_arrival_concentric_ovals, layout_loops_ring,
          shapermc_ecumenical_altar_mp_ritualfount
D:2:      layout_basic
D:3:      layout_loops_ring, amcnicky_mini_pool_small
D:4:      layout_gridville, mainiacjoe_overflow_surrounded_room,
          mainiacjoe_overflow_alcove_2
D:5:      layout_gridville, mainiacjoe_overflow_six_doors_small,
          xom_butterflies, minmay_temple_entry_drinking_statues, uniq_eustachio
D:6:      layout_rooms, nicolae_overflow_hidden_temple,
          mainiacjoe_overflow_24_doors, kennysheep_generic_room_10, uniq_duvessa
D:7:      layout_loops_ring, amethyst_overflow_temple_binary,
          lightli_bailey_entry_fortress
D:8:      layout_basic, mainiacjoe_overflow_tiny_flanked, lemuel_tele_altar,
          mainiacjoe_overflow_brackets, lair_entry_dummy, nicolae_shop_gadgets
D:9:      layout_irregular_city, nicolae_ru_the_path_less_chosen,
          ebering_ghost_xom, grunt_ministairs_4, uniq_grum, uniq_amaemon
D:10:     layout_stronghold, mainiacjoe_overflow_small_starburst,
          nicolae_overflow_crystal_walls, orc_0_dummy, kennysheep_nondescript,
          minmay_statue_bubble, uniq_fannar, uniq_maggie
D:11:     layout_stronghold, minmay_misc_feat_rows, minmay_misc_feat_roman
Temple:   hellmonk_temple_flake
Lair:1:   dpeg_oklob_gauntlet, layout_long_grid, lemuel_fruit_tree,
          uniq_prince_ribbit2
Lair:2:   layout_long_grid, elwin_shoals_entry_rooms, dummy_snake_entry,
          uniq_gastronok, uniq_harold
Orc:1:    layout_caves, mumra_transporter_accident, mines3_lemuel
Orc:2:    grunt_orc_gardens, layout_caves, grunt_orc_garden, grunt_orc_garden,
          grunt_orc_garden, grunt_orc_garden, serial_shops,
          nicolae_shop_overgrown_old_shop, rock_pile

Skill      XL: |  1  2  3  4  5  6  7  8  9 10 11 |
---------------+----------------------------------+-----
Spellcasting   | 1 2 3 4 6 8 9 11 | 11.0
Fighting       | 2 3 4 6 8 |  8.7
Unarmed Combat | 1 2 3 5 |  5.1
Summonings     | 5 7 |  7.9
Stealth        | 5 |  5.3
Ice Magic      | 2 3 |  3.6
Hexes          | 2 |  2.9
Ranged Weapons | |  0.2
Dodging        | |  2.3
Necromancy     | |  0.3
Translocations | |  0.1
Transmutations | |  0.7
Fire Magic     | |  0.1
Air Magic      | |  0.1
Earth Magic    | |  0.1
Poison Magic   | |  0.1
Invocations    | |  0.1
Evocations     | |  3.2

Action                   |  1- 3 |  4- 6 |  7- 9 | 10-12 || total
-------------------------+-------+-------+-------+-------++-------
Melee: Unarmed           |    93 |   104 |   334 |   338 ||   869
       Tentacles         |    24 |    23 |   115 |   108 ||   270
       Constrict         |    21 |    23 |    77 |    64 ||   185
       Punch             |       |     3 |    16 |    20 ||    39
 Cast: Summon Small Mamm |       |       |       |    82 ||    82
       Summon Ice Beast  |       |       |       |    51 ||    51
       Slow              |       |       |       |     3 ||     3
Invok: Call Merchant     |       |       |       |     1 ||     1
Evoke: Wand              |       |     6 |    39 |    27 ||    72
       Piece from Xom's  |       |       |     2 |     3 ||     5
       Box of beasts     |       |       |       |     1 ||     1
  Use: Scroll            |       |       |     5 |    15 ||    20
       Potion            |       |       |       |     3 ||     3
 Stab: Sleeping          |    15 |     8 |     3 |     7 ||    33
       Distracted        |       |       |     2 |     3 ||     5
Armor: Skin              |     6 |     8 |    53 |    67 ||   134
Dodge: Dodged            |    46 |    63 |   251 |   232 ||   592
